 Dungeon Crawl Stone Soup version 0.30.1-1-g62c8e00024 (webtiles) character file.

Game seed: 15752257170181466129

184 cowcol the Covered (level 5, 0/47 HPs)
             Began as a Minotaur Fighter on July 17, 2023.
             Slain by Pikel
             ... wielding a +1 whip of flaming
              (6 damage)
             ... on level 4 of the Dungeon.
             The game lasted 00:06:43 (2300 turns).

cowcol the Covered (Minotaur Fighter)               Turns: 2300, Time: 00:06:44

Health: 0/47       AC:  8    Str: 23    XL:     5   Next: 36%
Magic:  4/4        EV:  9    Int:  5    God:
Gold:   165        SH:  4    Dex:  9    Spells: 4/4 levels left

rFire   . . .        a - +0 war axe
rCold   . . .        c - +0 buckler
rNeg    . . .        b - +0 scale mail
rPois   .            (helmet restricted)
rElec   .            e - +0 cloak
rCorr   .            (no gloves)
SInv    .            (no boots)
Will    .....        (no amulet) Stlth
                     (no ring)
HPRegen 0.27/turn    (no ring)
MPRegen 0.09/turn

%: no passive effects
@: no status effects
A: horns 2, retaliatory headbutt
a: no special abilities


You were on level 4 of the Dungeon.
You visited 1 branch of the dungeon, and saw 4 of its levels.

You collected 165 gold pieces.

Inventory:

Hand Weapons
 a - a +0 war axe (weapon)
Missiles
 l - 5 atropa-tipped darts (quivered)
Armour
 b - a +0 scale mail (worn)
 c - a +0 buckler (worn)
 e - a +0 cloak (worn)
 g - a +0 plate armour
Wands
 d - a wand of digging (4)
Scrolls
 m - a scroll of amnesia
 o - a scroll of fog {unknown}
Potions
 f - a potion of mutation {unknown}
 h - 2 potions of curing {unknown}
 i - a potion of lignification {unknown}
 j - a potion of cancellation {unknown}
 k - a potion of attraction {unknown}
 p - a potion of ambrosia {unknown}
 q - a potion of magic {unknown}


   Skills:
 + Level 4.5 Fighting
 + Level 4.5 Axes
 + Level 0.2 Throwing
 + Level 5.6 Armour
 - Level 3.6 Shields


You had 4 spell levels left.
You didn't know any spells.
Your spell library contained the following spells:

 Spells                   Type           Power      Damage    Failure   Level
 Leda's Liquefaction      Hex/Erth       0%         N/A       100%        4
 Lee's Rapid Deconstruct  Erth           0%         3d4*      100%        5
 Statue Form              Tmut/Erth      0%         N/A       100%        6
 Borgnjor's Revivificati  Necr           0%         N/A       100%        8
 Necromutation            Tmut/Necr      0%         N/A       100%        8
 Death's Door             Necr           0%         N/A       100%        9


Dungeon Overview and Level Annotations

Branches:
Dungeon (4/15)
 Temple: D:4-7

Altars:
Sif Muna
Trog
The Shining One

Annotations:
D:3 2 transporters
D:4 Pikel


Innate Abilities, Weirdness & Mutations

You have a pair of horns on your head.
You reflexively headbutt those who attack you in melee.


Message History

The jelly quivers.
The sleepcap releases spores at you.
You are engulfed in a cloud of soporific spores!
You fall asleep.
The hobgoblin completely misses you. The sleepcap releases spores at you!
You wake up.
* * * LOW HITPOINT WARNING * * *
The ball python bites you but does no damage.
You block the ball python's attack.
The ball python attacks as you move away!
The ball python closely misses you. The ball python barely misses you.
The jackal bites you but does no damage.
The orc hits you but does no damage. The jackal closely misses you.
The jackal bites you but does no damage.
The jackal attacks as you move away! You block the jackal's attack.
The orc attacks as you move away! The orc hits you with a +0 hand axe.
* * * LOW HITPOINT WARNING * * *
The jelly hits you but does no damage. The hobgoblin attacks as you move away!
The hobgoblin hits you.
* * * LOW HITPOINT WARNING * * *
The jackal closely misses you. The jackal attacks as you move away!
The jackal bites you but does no damage.
The orc attacks as you move away! The orc hits you with a +0 hand axe.
* * * LOW HITPOINT WARNING * * *
The jackal attacks as you move away! The jackal barely misses you.
The hobgoblin attacks as you move away! The hobgoblin hits you.
* * * LOW HITPOINT WARNING * * *
The jelly attacks as you move away! The jelly barely misses you.
You furiously retaliate!
You headbutt the jelly. The jackal attacks as you move away!
The jackal closely misses you. The hobgoblin attacks as you move away!
The hobgoblin hits you but does no damage.
The jackal bites you.
* * * LOW HITPOINT WARNING * * *
The jackal barely misses you. Pikel barely misses you.
Pikel attacks as you move away!
Pikel hits you with a +1 whip of flaming.
You die...

#†# ###......(≈.§≈§......##...
###.####.'........≈≈!.......##...
.........'........≈≈w.......####.
.........#.......≈..≈.......#....
.........#..................#.###
.......#.#.........h5.......#....
.......#.##......h)5.......##.###
#.....##.# #(....Khf......###.#
##...###.# #...@Jo......## #.#
#..## #.# ##...gS.....#####.#
##........##.....#
###############.# #.# #†# ##.#
#####.# .# # #... ..##.# ..#.
#..# #.##.# .... #..# ####.##.#


You could see Pikel, 2 lemures, a sleepcap, a worm, a jelly, an orc, 3 jackals,
a hobgoblin and a ball python.

Vanquished Creatures
  A hound (D:4)
  Natasha (thrice) (D:3)
  A gnoll (D:1)
  An adder (D:3)
  A worm (D:2)
  2 dart slugs
  10 endoplasms
  2 giant cockroaches
  4 goblins
  5 hobgoblins
  3 jackals (D:1)
  2 quokkas (D:1)
  7 ball pythons
  A bat (D:3)
  3 frilled lizards (D:1)
  4 kobolds
  3 rats
53 creatures vanquished.

Notes
Turn   | Place    | Note
-------+----------+-------------------------------------------
     0 | D:1      | cowcol the Minotaur Fighter began the quest for the Orb.
     0 | D:1      | Reached XP level 1. HP: 19/19 MP: 0/0
    75 | D:1      | Reached skill level 4 in Armour
    75 | D:1      | Reached XP level 2. HP: 11/27 MP: 1/1
   269 | D:1      | You fall into a shaft and drop 1 floor!
   457 | D:1      | Reached XP level 3. HP: 31/33 MP: 2/2
   759 | D:2      | Found a shimmering blue altar of Sif Muna.
  1357 | D:3      | Noticed Natasha
  1368 | D:3      | Killed Natasha
  1369 | D:3      | Reached XP level 4. HP: 2/41 MP: 3/3
  1530 | D:3      | Found a bloodstained altar of Trog.
  1747 | D:3      | Found a transporter.
  1767 | D:3      | Found a transporter.
  1917 | D:3      | Noticed Natasha
  1924 | D:3      | Killed Natasha
  1925 | D:3      | Reached skill level 5 in Armour
  1992 | D:3      | Noticed Natasha
  1998 | D:3      | Killed Natasha
  1999 | D:3      | Reached XP level 5. HP: 35/47 MP: 4/4
  2216 | D:4      | Noticed Pikel
  2216 | D:4      | Noticed a lemure
  2216 | D:4      | Noticed a lemure
  2217 | D:4      | Noticed a lemure
  2217 | D:4      | Noticed a lemure
  2234 | D:4      | Found a glowing golden altar of the Shining One.
  2300 | D:4      | Slain by Pikel

Illustrated notes

Levels and vault maps discovered:
D:1:      minmay_arrival_floating_metal, layout_rooms
D:2:      layout_basic, basic_altar
D:3:      gammafunk_steamed_eel, layout_basic, lemuel_tele_altar,
          chequers_serial_rivers_micro_c, interstate_on_off, uniq_natasha
D:4:      kennysheep_big_flooded_room, layout_loops_ring, tso_metal_star,
          kennysheep_mini_moat, lightli_ossuary_entry_decrepit_ruins,
          glass_columns_c, uniq_eustachio, uniq_pikel

Skill      XL: |  1  2  3  4 |
---------------+-------------+-----
Fighting       | 4 |  4.5
Armour         | 4 5 |  5.6
Axes           | 3 4 |  4.5
Throwing       | |  0.2
Shields        | |  3.6

Action                     |  1- 3 |  4- 6 || total
---------------------------+-------+-------++-------
  Melee: War axe           |    85 |    22 ||   107
         Headbutt          |    14 |       ||    14
  Throw: Dart              |     3 |       ||     3
    Use: Scroll            |     2 |     1 ||     3
         Potion            |       |     1 ||     1
 Armour: Scale mail        |    35 |    20 ||    55
  Dodge: Dodged            |    40 |    41 ||    81
  Block: Buckler           |    13 |     9 ||    22
